 Dungeon Crawl Stone Soup version 0.20.1-1-g8b1a95d (webtiles) character file.

2097 chaoticneutral the Magician (level 9, -8/65 HPs)
             Began as a Mummy Wizard on July 12, 2017.
             Was an Initiate of Gozag.
             Mangled by an orc warrior
             ... wielding a +0 halberd
              (13 damage)
             ... on level 6 of the Dungeon.
             The game lasted 00:27:55 (9829 turns).

chaoticneutral the Magician (Mummy Wizard)          Turns: 9829, Time: 00:27:57

Health: -8/65      AC:  7    Str: 10    XL:     9   Next: 7%
Magic:  2/19       EV: 12    Int: 20    God:    Gozag
Gold:   186        SH:  0    Dex: 11    Spells: 3/22 levels left

rFire    x . .     SeeInvis .   r - +0 dagger (elec)
rCold    + . .     Gourm    .   (no shield)
rNeg     + + +     Faith    .   q - +0 robe (curse)
rPois    ∞         Spirit   .   b - +0 hat
rElec    .         Reflect  .   s - +1 cloak
rCorr    .         Harm     .   (no gloves)
MR       +....                  d - +2 pair of boots
Stlth    ++........             (no amulet)
Regen    0.2/turn               (no ring)
MPRegen  0.2/turn               (no ring)

@: gold aura
A: no food or potions, fire vulnerability, cold resistance 1, negative energy
resistance 3, torment resistance, unbreathing
a: Potion Petition, Call Merchant, Bribe Branch, Renounce Religion


You were on level 6 of the Dungeon.
You worshipped Gozag.
Gozag was aware of your devotion.
You were not hungry.

You visited 2 branches of the dungeon, and saw 7 of its levels.

You collected 262 gold pieces.
You paid 76 gold pieces to Gozag.

Inventory:

Hand Weapons
 o - a +3 club
 r - a +0 dagger of electrocution (weapon)
 t - a +0 long sword
 u - a +0 blowgun
 v - a +1 falchion of draining
 x - a +0 falchion of holy wrath
 B - a +0 hand axe of venom
Missiles
 e - 2 curare-tipped needles
 j - 3 javelins of penetration
 k - 8 javelins (quivered)
 m - 5 needles of sleeping
 n - 2 tomahawks of returning
 w - 15 poisoned needles
Armour
 a - a +0 robe
 b - a +0 hat (worn)
 d - a +2 pair of boots (worn)
 q - a cursed +0 robe (worn)
 s - a +1 cloak (worn)
Scrolls
 f - 2 scrolls of remove curse
 g - 4 scrolls of identify
 h - 3 scrolls of amnesia
 l - a scroll of fear
 p - a scroll of magic mapping
 y - a scroll of noise {unknown}
 z - a scroll of enchant weapon {unknown}
 C - a scroll of immolation {unknown}
 D - a scroll of silence {unknown}
Books
 c - a book of Minor Magic

   Spells                             Type                      Level
   a - Magic Dart                     Conjuration                  1
   b - Blink                          Translocation                2
   c - Call Imp                       Summoning                    2
   d - Slow                           Hexes                        2
   e - Conjure Flame                  Conjuration/Fire             3
   f - Mephitic Cloud                 Conjuration/Poison/Air       3
 A - a book of Battle

   Spells                             Type                      Level
   a - Infusion                       Charms                       1
   b - Shroud of Golubria             Charms/Translocation         2
   c - Song of Slaying                Charms                       2
   d - Spectral Weapon                Hexes/Charms                 3
   e - Regeneration                   Charms/Necromancy            3
Comestibles
 i - 3 bread rations


   Skills:
 - Level 4.2 Fighting
 - Level 5.1 Short Blades
 - Level 1.5 Dodging
 - Level 1.5 Stealth
 + Level 7.2 Spellcasting
 - Level 5.3 Conjurations
 + Level 3.0 Charms
 - Level 0.7 Summonings
 - Level 0.7 Translocations


You had 3 spell levels left.
You knew the following spells:

 Your Spells              Type           Power        Failure   Level  Hunger
a - Magic Dart            Conj           ####         1%          1    N/A
b - Blink                 Tloc           N/A          11%         2    N/A
c - Call Imp              Summ           ##......     11%         2    N/A
d - Slow                  Hex            #.......     14%         2    N/A
e - Conjure Flame         Conj/Fire      ###.....     9%          3    N/A
f - Mephitic Cloud        Conj/Pois/Air  ##......     13%         3    N/A
g - Infusion              Chrm           ###.         2%          1    N/A
h - Shroud of Golubria    Chrm/Tloc      ##........   6%          2    N/A
i - Spectral Weapon       Hex/Chrm       ##......     14%         3    N/A

Dungeon Overview and Level Annotations

Branches:
Dungeon (6/15)             Temple (1/1) D:6

Altars:
Ashenzari
Dithmenos
Fedhas
Gozag
Nemelex Xobeh
Okawaru
Qazlal
Ru
Sif Muna
Trog
Uskayaw
Vehumet
Xom
Yredelemnul
The Shining One

Annotations:
D:4 appiemonkey's ghost, amateur GrFi


Innate Abilities, Weirdness & Mutations

You do not eat or drink.
Your flesh is vulnerable to fire.
You are immune to poison.
Your flesh is cold resistant. (rC+)
You are immune to negative energy. (rN+++)
You are immune to unholy pain and torment.
You can survive without breathing.


Message History

Confirm with . or Enter, or press ? or * to list all spells.
Aiming: Magic Dart
Press: ? - help, Shift-Dir - straight line, f/p - orc warrior
Aim: an orc warrior, wielding a halberd and wearing a chain mail (severely wounded)
The magic dart hits the orc warrior.
The orc warrior is severely wounded.
The orc hits you with a club.
The orc warrior hits you from afar with a halberd!!
* * * LOW HITPOINT WARNING * * *
Casting: Magic Dart
Confirm with . or Enter, or press ? or * to list all spells.
Aiming: Magic Dart
Press: ? - help, Shift-Dir - straight line, f/p - orc warrior
Aim: an orc warrior, wielding a halberd and wearing a chain mail (severely wounded)
The magic dart hits the orc warrior.
The orc warrior is severely wounded.
The orc hits you but does no damage.
The orc warrior hits you from afar with a halberd!
You die...
Your body crumbles into a pile of gold.

#.#............##
#.##
#.#..>..........#
..
..##...........##
....
..##..........##
....#
...##.........##
......#### ...
########'###
....#... #.....#
###.. .....#
###....o#......
#..## #.'.._.@$o#
#.%.# #.#.....###
#... ...#.....#
#..# .## ###'###
#.## ..# #..#
#.## #... .. ####
>## ## #.


You could see an orc warrior and an orc.

Vanquished Creatures
  The ghost of Sagrath01 the Changer, a novice DrTm of Yredelemnul (D:6)
  A hippogriff (D:5)
  A necrophage (D:6)
  A phantom (D:5)
  3 ogres
  A centaur (D:5)
  2 scorpions (D:5)
  A howler monkey (D:4)
  3 wights (D:6)
  A crimson imp (D:6)
  A bullfrog zombie (D:5)
  2 hounds
  4 orc priests
  2 orc wizards
  Crazy Yiuf (D:2)
  A centaur skeleton (D:6)
  2 bullfrog skeletons
  7 worker ants
  A howler monkey skeleton (D:5)
  5 adders
  A shadow imp (D:5)
  3 oozes (D:2)
  An adder zombie (D:2)
  3 adder skeletons
  6 worms
  2 dart slugs
  6 leopard geckos
  23 orcs
  7 bats
  A bat skeleton (D:2)
  2 giant cockroaches
  7 goblins
  11 hobgoblins
  6 jackals
  2 quokkas (D:5)
  A ball python (D:3)
  A ball python skeleton (D:4)
  6 frilled lizards
  A giant cockroach zombie (D:2)
  9 kobolds
  A leopard gecko skeleton (D:5)
  A leopard gecko zombie (D:2)
  4 rats
146 creatures vanquished.

Vanquished Creatures (collateral kills)
  Jessica (D:2)
1 creature vanquished.

Vanquished Creatures (others)
  A spectral weapon (D:6)
1 creature vanquished.

Grand Total: 148 creatures vanquished

Notes
Turn   | Place    | Note
-------+----------+-------------------------------------------
     0 | D:1      | chaoticneutral the Mummy Wizard began the quest for the Orb.
     0 | D:1      | Reached XP level 1. HP: 13/13 MP: 5/5
   128 | D:1      | Reached skill level 1 in Conjurations
   460 | D:1      | Reached XP level 2. HP: 19/19 MP: 0/7
   803 | D:1      | Learned a level 2 spell: Blink
   806 | D:1      | Learned a level 2 spell: Call Imp
   809 | D:1      | Learned a level 2 spell: Slow
  1669 | D:1      | Reached XP level 3. HP: 24/24 MP: 2/9
  1835 | D:1      | Learned a level 3 spell: Conjure Flame
  2278 | D:2      | Found a shimmering altar of Xom.
  2278 | D:2      | Found a shimmering altar of Xom.
  2279 | D:2      | Found a shimmering altar of Xom.
  2728 | D:2      | Reached skill level 5 in Spellcasting
  2901 | D:2      | Reached XP level 4. HP: 12/30 MP: 3/11
  3273 | D:2      | Noticed Jessica
  3284 | D:2      | Killed Jessica
  3455 | D:2      | Learned a level 3 spell: Mephitic Cloud
  3468 | D:2      | Found a runed door.
  3636 | D:2      | Found a deep blue altar of Sif Muna.
  3930 | D:2      | Noticed Crazy Yiuf
  3934 | D:2      | Killed Crazy Yiuf
  4041 | D:3      | Reached XP level 5. HP: 35/35 MP: 7/12
  4162 | D:3      | Found a faded altar of an unknown god.
  5302 | D:4      | Found a stormy altar of Qazlal.
  5306 | D:4      | Reached XP level 6. HP: 41/41 MP: 8/13
  5685 | D:4      | Reached skill level 5 in Conjurations
  5786 | D:4      | Noticed appiemonkey's ghost (amateur GrFi)
  6680 | D:4      | Reached skill level 1 in Fighting
  6680 | D:4      | Reached XP level 7. HP: 45/48 MP: 7/14
  6708 | D:4      | Reached skill level 1 in Short Blades
  6878 | D:4      | Found an iron altar of Okawaru.
  7134 | D:5      | Entered Level 5 of the Dungeon
  7394 | D:6      | Noticed Sagrath01's ghost (novice DrTm)
  7805 | D:5      | Found a shadowy altar of Dithmenos.
  7875 | D:5      | Found a sparkling altar of Nemelex Xobeh.
  8075 | D:5      | Reached XP level 8. HP: 51/60 MP: 9/15
  8605 | D:5      | Noticed a hippogriff
  8616 | D:5      | Killed a hippogriff
  8616 | D:5      | Reached skill level 5 in Short Blades
  8878 | D:6      | Learned a level 1 spell: Infusion
  8881 | D:6      | Learned a level 2 spell: Shroud of Golubria
  9079 | D:6      | Reached skill level 1 in Charms
  9425 | D:6      | Killed Sagrath01's ghost
  9425 | D:6      | Reached skill level 6 in Spellcasting
  9475 | D:6      | Learned a level 3 spell: Spectral Weapon
  9520 | D:6      | Found a radiant altar of Vehumet.
  9586 | D:6      | Found a staircase to the Ecumenical Temple.
  9605 | Temple   | Entered the Ecumenical Temple
  9666 | Temple   | Became a worshipper of Gozag Ym Sagoz the Greedy
  9681 | D:6      | Reached skill level 7 in Spellcasting
  9681 | D:6      | Reached XP level 9. HP: 62/65 MP: 15/19
  9804 | D:6      | Found a sacrificial altar of Ru.
  9829 | D:6      | Mangled by an orc warrior

Skill      XL: |  1  2  3  4  5  6  7  8  9 |
---------------+----------------------------+-----
Conjurations   | 1 2 3 4 5 |  5.3
Spellcasting   | 5 7 |  7.2
Fighting       | 1 3 4 |  4.2
Short Blades   | 3 5 |  5.1
Charms         | 2 3 |  3.0
Dodging        | |  1.5
Stealth        | |  1.5
Summonings     | |  0.7
Translocations | |  0.7

Action                   |  1- 3 |  4- 6 |  7- 9 || total
-------------------------+-------+-------+-------++-------
Melee: Unarmed           |    18 |       |       ||    18
       Dagger            |       |    44 |    72 ||   116
Throw: Javelin           |    12 |     2 |       ||    14
 Cast: Magic Dart        |   132 |   196 |   182 ||   510
       Call Imp          |       |     3 |    12 ||    15
       Conjure Flame     |       |     3 |     2 ||     5
       Mephitic Cloud    |       |     1 |     2 ||     3
       Blink             |       |     1 |     1 ||     2
       Shroud of Golubri |       |       |     3 ||     3
       Infusion          |       |       |     2 ||     2
       Spectral Weapon   |       |       |     1 ||     1
  Use: Scroll            |       |    12 |     3 ||    15
 Stab: Confused          |       |       |     1 ||     1
       Sleeping          |       |       |     1 ||     1
Armor: Robe              |    17 |    18 |    30 ||    65
Dodge: Dodged            |    40 |    52 |    67 ||   159
